 Dungeon Crawl Stone Soup version 0.30-a0-728-gc68057be0a (webtiles) character file.

Game seed: 7915404922695045189

6 omnomnOMINOUS the Trooper (level 1, 0/16 HPs)
             Began as an Octopode Wanderer on Jan 30, 2023.
             Slain by a bat (1 damage)
             ... on level 1 of the Dungeon.
             The game lasted 00:00:33 (61 turns).

omnomnOMINOUS the Trooper (Octopode Wanderer)         Turns: 61, Time: 00:00:34

Health: 0/16       AC:  1    Str: 11    XL:     1   Next: 90%
Magic:  2/2        EV: 12    Int: 13    God:
Gold:   0          SH:  0    Dex: 12    Spells: 1/2 levels left

rFire   . . .      SeeInvis .    b - +0 dagger
rCold   . . .      Faith    .    (no shield)
rNeg    . . .      Spirit   .    (helmet restricted)
rPois   .          Reflect  .    (no amulet)
rElec   .          Harm     .    (no ring)
rCorr   .          Rampage  .    (no ring)
Will    .....                    (no ring)
Stlth   +++                      (no ring)
HPRegen 0.22/turn                (no ring)
MPRegen 0.08/turn                (no ring)
                                 (no ring)
                                 (no ring)

@: no status effects
A: almost no armour, amphibious, 8 rings, camouflage 1, gelatinous body 1,
(nimble swimmer 1), tentacles
a: no special abilities


You were on level 1 of the Dungeon.
You visited 1 branch of the dungeon, and saw 1 of its levels.

Inventory:

Hand Weapons
 a - a +0 sling
 b - a +0 dagger (weapon)
Missiles
 c - 8 poisoned darts (quivered)
Potions
 d - a potion of lignification


   Skills:
 + Level 3.1 Fighting
 - Level 1.0 Ranged Weapons
 - Level 1.0 Throwing
 + Level 1.9 Stealth
 + Level 1.2 Spellcasting
 - Level 3.0 Transmutations


You had one spell level left.
You knew the following spells:

 Your Spells              Type           Power      Damage    Failure   Level
a - Sting                 Tmut/Pois      16%        1d3       16%         1

Your spell library contained the following spells:

 Spells                   Type           Power      Damage    Failure   Level
 Wereblood                Tmut           8%         N/A       12%         2
 Ignite Poison            Fire/Tmut/Pois 3%         N/A       50%         3


Dungeon Overview and Level Annotations

Branches:
Dungeon (1/15)

Altars:


Innate Abilities, Weirdness & Mutations

You cannot wear most types of armour.
You are amphibious.
You can wear up to eight rings at the same time.
Your skin changes colour to match your surroundings (Stealth+).
Your rubbery body absorbs attacks. (AC +1, EV +1)
((You are camouflaged when in or above water. (Stealth+)))
You have tentacles for arms and can constrict up to eight enemies at once.


Message History

You shoot a sling bullet.
The sling bullet completely misses the bat.
The bat hits you but does no damage.
You shoot a sling bullet. The sling bullet misses the bat.
The bat barely misses you. The ball python bites you.
The ball python closely misses you.
You shoot a sling bullet.
The sling bullet closely misses the ball python.
The bat misses you. The bat hits you. The ball python bites you.
The ball python misses you.
You shoot a sling bullet. The sling bullet barely misses the bat.
The bat hits you. The ball python bites you.
The ball python closely misses you. The ball python misses you.
The ball python grabs you. The ball python constricts you.
You are too injured to fight recklessly!
You are too injured to fight recklessly!
You are too injured to fight recklessly!
You are too injured to fight recklessly!
b - a +0 dagger (weapon)
The ball python bites you.
* * * LOW HITPOINT WARNING * * *
The ball python barely misses you. The ball python constricts you.
The bat hits you.
* * * LOW HITPOINT WARNING * * *
You hit the ball python. You grab the ball python.
The ball python is moderately wounded.
You constrict the ball python.
You kill the ball python!
The bat hits you but does no damage. The ball python bites you.
* * * LOW HITPOINT WARNING * * *
The ball python constricts you.
A ball python comes into view.
You closely miss the ball python. Your grab misses the ball python.
You squeeze the ball python.
You kill the ball python!
The bat hits you.
* * * LOW HITPOINT WARNING * * *
You barely miss the bat. Your grab misses the bat. The bat closely misses you.
The bat hits you.
You die...

....#.#.#.. #.#
###.#.#.#.# #.#
#<..#.#.#.# #.#
#####.#.#.# #.#
......#.#.# #.#
#####.#.#.######.#
...........†.....# ##
##############.#.#####....
#.#@#.†...#. #.#.b.†..S..#
#.#......†...
#.#........## ..#........#
###........# .........#
........... ...........


You could see a bat and a ball python.

Vanquished Creatures
  2 bats (D:1)
  A hobgoblin (D:1)
  A quokka (D:1)
  2 ball pythons (D:1)
6 creatures vanquished.

Notes
Turn   | Place    | Note
-------+----------+-------------------------------------------
     0 | D:1      | omnomnOMINOUS the Octopode Wanderer began the quest for the
                  | Orb.
     0 | D:1      | omnomnOMINOUS set off with the following items: a +0 sling,
                  | 8 poisoned darts, a +0 dagger, a potion of lignification;
                  | and the following spell memorised: Sting; and the following
                  | spells available to memorise: Wereblood, Ignite Poison.
     0 | D:1      | Reached XP level 1. HP: 16/16 MP: 2/2
    61 | D:1      | Slain by a bat

Illustrated notes

Levels and vault maps discovered:
D:1:      matt_arrival_spirals, layout_rooms, minmay_hexomino_p4

Action                     || total
---------------------------++-------
  Melee: Dagger            ||     3
         Constrict         ||     1
         Tentacles         ||     1
   Fire: Sling             ||    18
 Armour: Skin              ||     5
  Dodge: Dodged            ||    18

Table legend: (Time is in decaauts)
 A = Elapsed time spent in this place.
 B = Non-inter-level travel time spent in this place.
 C = Inter-level travel time spent in this place.
 D = Time resting spent in this place.
 E = Time spent auto-exploring this place.
 F = Levels seen in this place.
 G = Mean time per level.
                   A        B        C        D        E       F      G
               +--------+--------+--------+--------+--------+-----+--------+
         Total |     66 |     66 |      0 |      0 |     33 |   1 |   66.0 |
       Dungeon |     66 |     66 |      0 |      0 |     33 |   1 |   66.0 |
               +--------+--------+--------+--------+--------+-----+--------+

Top non-repeatable levels by time:
     D:1: 66 daAuts
